 Dungeon Crawl Stone Soup version 0.18.1-48-g4cf74bf (webtiles) character file.

1614327 BabyRage the Warrior (level 27, 268/268 HPs)
             Began as a Naga Arcane Marksman on Aug 10, 2016.
             Was an Elder of Trog.
             Escaped with the Orb
             ... and 3 runes on Aug 11, 2016!
             The game lasted 03:49:35 (72922 turns).

BabyRage the Warrior (Naga Arcane Marksman)        Turns: 72922, Time: 03:49:36

Health: 268/268    AC: 52    Str: 20    XL:     27
Magic:  11/11      EV: 21    Int: 14    God:    Trog [****..]
Gold:   1981       SH: 24    Dex: 35    Spells: 0 memorised, 28 levels left

rFire  + . .     SeeInvis +     d - +7 double sword (antimagic)
rCold  + . .     Gourm    .     j - +13 chain mail of Curiosity {rPois rC- Dex+7}
rNeg   + + .     Faith    .     e - +2 large shield {rF+}
rPois  +         Spirit   .     H - +2 helmet of Altruism {-Cast rN++ Dex+9}
rElec  +         Dismiss  .     E - +2 cloak
rCorr  .         Reflect  .     l - +2 pair of gloves {rC+}
SustAt .         Harm     .     p - +2 naga barding
MR     ++++.     Rnd*Rage +     O - amulet of regeneration
Stlth  ++........ NoCast   +    r - ring of Unosme {rC+ MR+}
                                I - ring "Sucaywa" {rElec Dex+4}

@: very slightly contaminated, very slow, incredibly resistant to hostile
enchantments, unstealthy
A: see invisible, berserk 1, deformed body, dopey 1, poison resistance, slowness
2, slow metabolism 1, spit poison 2, constrict 1, AC +9
a: Spit Poison, Berserk, Trog's Hand, Brothers in Arms, Burn Spellbooks,
Renounce Religion
0: Orb of Zot
}: 3/15 runes: decaying, abyssal, gossamer


You escaped.
You worshipped Trog.
Trog was greatly pleased with you.
You were not hungry.

You visited 10 branches of the dungeon, and saw 51 of its levels.
You visited the Abyss 1 time.
You also visited: Sewer and Ice Cave.

You collected 7210 gold pieces.
You spent 5229 gold pieces at shops.

Inventory:

Hand Weapons
 d - a +7 antimagic double sword (weapon)
 n - a +9 vampiric demon blade
Missiles
 v - 25 javelins of penetration
 D - 17 steel javelins
 K - 12 javelins of returning (quivered)
Armour
 e - a +2 large shield of fire resistance (worn)
 j - the +13 chain mail of Curiosity (worn) {rPois rC- Dex+7}
   (You found it on level 15 of the Dungeon)

   It affects your dexterity (+7).
   It makes you vulnerable to cold.
   It protects you from poison.
 l - a +2 pair of gloves of cold resistance (worn)
 p - a +2 naga barding (worn)
 E - a +2 cloak (worn)
 H - the +2 helmet of Altruism (worn) {-Cast rN++ Dex+9}
   (You bought it in a shop on level 13 of the Dungeon)

   It affects your dexterity (+9).
   It greatly protects you from negative energy.
   It prevents spellcasting.
Jewellery
 r - the ring of Unosme (right hand) {rC+ MR+}
   (You found it on level 2 of the Lair of Beasts)

   [ring of protection from magic]

   It protects you from cold.
   It affects your resistance to hostile enchantments.
 I - the ring "Sucaywa" (left hand) {rElec Dex+4}
   (You took it off a deep elf sorcerer on level 3 of the Elven Halls)

   [ring of dexterity]

   It affects your dexterity (+4).
   It insulates you from electricity.
 O - an amulet of regeneration (around neck)
 U - an uncursed ring of protection from fire
Wands
 z - a wand of disintegration (9/24)
 C - a wand of teleportation (7/9)
 M - a wand of hasting (0/9)
 W - a wand of heal wounds (5/9)
 Y - a wand of digging (7/24)
Scrolls
 b - 4 scrolls of fear
 f - 11 scrolls of remove curse
 h - a scroll of brand weapon
 q - a scroll of identify
 y - 3 scrolls of blinking
 F - 7 scrolls of fog
 L - 5 scrolls of recharging
 T - 3 scrolls of teleportation
Potions
 a - 8 potions of flight
 k - a potion of might
 m - 9 potions of heal wounds
 s - 13 potions of curing
 t - 2 potions of cure mutation
 x - a potion of invisibility
 G - 2 potions of resistance
 J - 7 potions of ambrosia
 N - 4 potions of haste
 R - 2 potions of cancellation
 S - 3 potions of agility
Miscellaneous
 w - a phial of floods
 A - a lamp of fire
Comestibles
 g - 5 meat rations
 i - 14 beef jerkies
 u - 8 slices of pizza
 Q - 12 bread rations


   Skills:
 - Level 20.0 Fighting
   Level 10.0(13.7) Short Blades
 - Level 15.2(16.2) Long Blades
 - Level 10.2 Throwing
 + Level 17.1 Armour
 + Level 17.1 Dodging
 - Level 15.2 Stealth
 - Level 15.1 Shields
 - Level 1.0 Spellcasting
   Level 3.0 Hexes
 - Level 15.3 Evocations


You had 28 spell levels left.
You didn't know any spells.

Dungeon Overview and Level Annotations

Branches:
Dungeon (15/15)            Temple (1/1) D:6            Lair (8/8) D:8
  Swamp (4/4) Lair:4       Spider (4/4) Lair:3          Orc (2/2) D:9
    Elf (3/3) Orc:2        Vaults (4/5) D:14          Crypt (0/3) Vaults:2
 Depths (5/5) D:15            Zot (5/5) Depths:5
  Slime: Lair:6-8

Altars:
Cheibriados
Dithmenos
Elyvilon
Fedhas
Gozag
Kikubaaqudgha
Makhleb
Nemelex Xobeh
Pakellas
Ru
Sif Muna
Trog
Vehumet
Xom
Yredelemnul
Beogh
Lugonu

Shops:
D:12 }   D:13 [   D:15 *   Orc:1 =   Orc:2 !((}?   Vaults:2 [[*   Depths:3 *

Portals:
Hell: Lair:8 Depths:1 Depths:2 Depths:3 Depths:4 Depths:5
Abyss: Depths:4
Pandemonium: Depths:3 Depths:5
Ziggurat: Depths:5

Annotations:
D:3 exclusions: 3 orcs and orc wizard
D:4 ender666's ghost, novice GrFi
Lair:6 exclusion: 2 oklob plants
Lair:8 exclusion: door
Swamp:4 1 exclusion
Depths:4 1 runed door
Zot:2 1 exclusion
Zot:3 1 exclusion
Zot:4 1 exclusion
Zot:5 1 exclusion


Innate Abilities, Weirdness & Mutations

You cannot wear boots.
Your serpentine skin is tough (AC +9).
You have supernaturally acute eyesight.
Armour fits poorly on your strangely shaped body.
Your system is resistant to poisons.
You cover ground very slowly.
You have a slow metabolism.
You can spit poison.
You can use your snake-like lower body to constrict enemies.
You tend to lose your temper in combat.
You are dopey. (Int -2)


Message History

You constrict the hellwing. You slash the hellwing!
The hellwing's magic leaks into the air.
The hellwing is almost dead.
You constrict the hellwing. You block the hellwing's attack.
The hellwing hits you but does no damage.
You slash the hellwing!
You kill the hellwing!
Trog accepts your kill.
You slice the smoke demon!!
The smoke demon's magic leaks into the air.
The smoke demon is almost dead.
You slice the smoke demon!!
You kill the smoke demon!
Trog accepts your kill.
No target in view!
No target in view!
No target in view!
There is a staircase leading out of the dungeon here.
You have escaped!

......##### #.# #####.....#
#.# # #.....#####.### #
#......#......# #
#.............#
#........##..########### ###
#.#......#.###P#P#P#P#P### ..#
#.####...#.#.............# ..#
#........#.#@.=..........#
..#########....#.............#
...# #.........###P#P#P#P#P#.#
..## #.#.##.#### ###########.#
..####.#.##.# ##..####
.........##.# #......#
######.####.# ####.####.# #
#......# #....##.#.# #
#......# #......#...


There were no monsters in sight!

Vanquished Creatures
  Mennas (Depths:4)
  2 orbs of fire (Zot:5)
  Mara (Swamp:3)
  Norris (Vaults:1)
  4 Killer Klowns (Zot:5)
  A curse toe (Zot:2)
  6 golden dragons
  A Tzitzimitl (Zot:4)
  Jorgrun (Vaults:3)
  An electric golem (Zot:5)
  Arachne (Spider:2)
  8 tentacled monstrosities
  An Ice Fiend (D:10)
  19 Orb Guardians (Zot:5)
  A deep elf master archer (Elf:3)
  A deep elf blademaster (Elf:3)
  3 sphinxes
  4 tentacled starspawn
  10 liches
  4 death cobs
  3 Executioners
  4 storm dragons
  Gastronok (Lair:2)
  Agnes (Spider:2)
  2 thorn hunters
  Roxanne (Spider:1)
  A draconian monk (Zot:1)
  4 tengu reavers
  Donald (Orc:2)
  9 fire giants
  Wiglaf (Spider:3)
  The ghost of Eukament the End of an Era, a journeyman HOFi of Qazlal (Elf:1)
  Maud (Lair:7)
  A cacodemon (Abyss:3)
  5 deep elf sorcerers
  3 emperor scorpions (Spider:4)
  Louise (Swamp:3)
  5 frost giants
  6 ghost moths
  An iron dragon (Depths:4)
  Aizul (Swamp:1)
  6 vault wardens
  4 draconian annihilators
  3 deep elf elementalists (Elf:3)
  A reaper (Abyss:3)
  The ghost of Gargoyl the Tortoise, a journeyman DsAK of Lugonu (D:12)
  A balrug (Abyss:3)
  A draconian shifter (Zot:1)
  7 stone giants
  2 draconian callers (Zot:3)
  22 very ugly things
  10 ironheart preservers
  7 green draconians
  12 spark wasps
  3 vampire knights
  5 deep elf annihilators
  3 deep elf demonologists
  A salamander stormcaller (Vaults:4)
  Azrael (Spider:3)
  4 black draconians
  5 mottled draconians
  6 purple draconians
  2 dire elephants (Lair:8)
  5 yellow draconians
  2 white draconians
  6 red draconians
  A spark wasp (shapeshifter) (Depths:3)
  2 blizzard demons
  9 deep elf death magi
  2 jiangshi (Depths:4)
  6 ettins
  9 fire dragons
  7 yaktaur captains
  8 rakshasas
  A green death (Abyss:4)
  12 entropy weavers
  A merfolk impaler (Depths:1)
  3 vault guards
  9 ogre magi
  2 deep elf high priests
  2 hell beasts
  7 great orbs of eyes
  36 hydras
  5 ice dragons
  Fannar (Lair:3)
  A ghost crab (shapeshifter) (Vaults:1)
  Harold (D:10)
  The ghost of Jerry the Spear-Bearer, a journeyman HOGl of Kikubaaqudgha (D:9)
  8 centaur warriors
  4 spriggan air magi
  A death knight (Abyss:4)
  Erica (Lair:2)
  6 ghost crabs
  A hell hog (Abyss:4)
  11 alligators
  3 death yaks
  26 dancing weapons
  The ghost of ender666 the Blocker, a journeyman GrFi of Qazlal (Orc:2)
  10 spriggan berserkers
  7 tengu warriors
  2 vampire magi
  5 deep troll shamans
  6 orc high priests
  7 deep troll earth magi
  17 thrashing horrors
  24 deep elf knights
  Urug (Lair:3)
  A sun demon (Abyss:3)
  A spark wasp zombie (D:15)
  10 skeletal warriors
  25 small abominations
  A shadow wraith (D:14)
  3 spatial maelstroms
  2 iron trolls (Depths:5)
  16 deep trolls
  A salamander mystic (Depths:4)
  9 wretched stars
  4 hell knights
  4 shambling mangroves
  4 unseen horrors
  An infernal demonspawn (D:2)
  4 flayed ghosts
  An obsidian statue (Zot:5)
  10 swamp dragons
  6 wizards
  A shadow demon (Abyss:5)
  An orange crystal statue (Vaults:3)
  7 giant orange brains
  19 deep elf archers
  A tengu zombie (Vaults:1)
  5 necromancers
  4 phantasmal warriors
  36 starcursed masses
  An anaconda skeleton (Abyss:3)
  10 ironbrand convokers
  4 spriggan druids
  7 hill giants
  A statue (Abyss:4)
  19 orc knights
  3 harpies
  35 wolf spiders
  9 orb spiders
  5 griffons
  77 deep elf magi
  14 hornets
  A cyclops (shapeshifter) (Depths:3)
  6 worldbinders
  11 orc sorcerers
  20 ugly things
  6 salamanders
  4 cyclopes
  A manticore (D:13)
  14 elephants
  9 moths of wrath
  2 sixfirhies
  A sphinx skeleton (D:15)
  A toenail golem (D:14)
  15 smoke demons
  A black mamba (shapeshifter) (D:15)
  An apocalypse crab (Abyss:4)
  2 rust devils
  7 black mambas
  2 ice statues (IceCv)
  4 orange demons
  3 torpor snails
  9 vault sentinels
  5 centaur skeletons
  23 spiny frogs
  2 human zombies
  5 komodo dragons
  2 hellions (Abyss:3)
  15 demonic crawlers
  5 freezing wraiths
  9 ice devils (IceCv)
  A redback zombie (D:15)
  4 efreet
  A tormentor (Abyss:3)
  A tengu conjurer (Depths:5)
  39 yaktaurs
  2 entropy weaver zombies (D:15)
  A red devil (Lair:8)
  9 ancient zymes
  3 hellwings
  A jumping spider (shapeshifter) (D:14)
  9 giant leeches
  39 jumping spiders
  A harpy zombie (Abyss:5)
  29 large abominations
  10 trolls
  A wolf spider simulacrum (Vaults:1)
  17 two-headed ogres
  2 harpy skeletons
  29 blink frogs
  45 slime creatures
  13 raiju
  A raiju (shapeshifter) (Vaults:4)
  5 bog bodies
  3 boulder beetles
  An iron dragon simulacrum (Abyss:3)
  9 shadows
  A centaur simulacrum (D:12)
  An ice dragon skeleton (Abyss:2)
  6 spriggans
  6 flying skulls
  37 tarantellas
  3 wyverns
  88 yaks
  109 redbacks
  7 air elementals
  A hog (Spider:2)
  A human (shapeshifter) (Elf:3)
  An ettin skeleton (Vaults:1)
  3 wraiths
  6 ynoxinuls
  5 water elementals
  A spriggan (shapeshifter) (Vaults:1)
  6 basilisks
  A fire bat (Abyss:2)
  A fire bat (shapeshifter) (Abyss:4)
  7 fire elementals
  7 neqoxecs
  A hog (shapeshifter) (Vaults:4)
  2 golden eyes (shapeshifter) (D:14)
  Grum (D:8)
  9 golden eyes
  42 vampire mosquitoes
  13 hippogriffs
  2 hungry ghosts
  7 chaos spawn
  5 spatial vortices
  4 wargs
  Menkaure (D:6)
  28 insubstantial wisps
  An ogre zombie (Vaults:1)
  22 swamp worms
  29 water moccasins
  7 hell hounds
  3 soldier ants
  A spiny frog zombie (Abyss:2)
  7 porcupines
  38 orc warriors
  A black bear (D:8)
  13 ice beasts
  11 swamp drakes
  5 sky beasts
  4 phantoms
  An elf zombie (Vaults:1)
  3 eyes of draining
  A wasp (shapeshifter) (Depths:5)
  8 wasps
  An ogre (shapeshifter) (Vaults:4)
  15 centaurs
  19 boggarts
  35 ogres
  A boggart (shapeshifter) (Elf:3)
  18 wolves
  A crocodile (shapeshifter) (Depths:3)
  18 crocodiles
  Blork the orc (D:6)
  2 big kobolds
  21 giant frogs
  2 earth elementals
  A deep troll simulacrum (Vaults:1)
  2 human simulacra (Vaults:1)
  2 wyvern zombies
  6 jellies
  8 scorpions
  A wyvern skeleton (D:11)
  11 killer bees
  2 electric eels (Lair:8)
  12 wights
  8 howler monkeys
  6 crimson imps
  3 centaur zombies
  3 giant frog zombies
  3 quasits
  6 hounds
  Crazy Yiuf (D:6)
  19 orc priests
  2 iron imps
  28 orc wizards
  Jessica (D:6)
  2 giant frog skeletons
  10 iguanas
  A hell rat (Lair:5)
  9 worker ants
  11 sheep
  A hound zombie (D:7)
  A worker ant zombie (D:8)
  A howler monkey skeleton (D:8)
  7 gnolls
  23 adders
  103 river rats
  4 shadow imps
  11 white imps
  10 ufetubi
  An adder zombie (D:5)
  2 worms
  3 dart slugs
  5 giant geckos
  63 orcs
  4 giant cockroaches
  8 goblins
  9 hobgoblins
  13 jackals
  4 quokkas
  A ball python (D:6)
  14 bats
  5 giant newts
  20 kobolds
  A quokka zombie (D:6)
  7 rats
  2 crawling corpses (Elf:3)
  3 fungi
  2 starspawn tentacles (Abyss:3)
2523 creatures vanquished.

Vanquished Creatures (collateral kills)
  An orb of fire (Zot:5)
  An ancient lich (Zot:5)
  A juggernaut (Depths:3)
  2 caustic shrikes
  A tentacled monstrosity (Depths:4)
  A titan (Depths:3)
  An Orb Guardian (Zot:5)
  A tentacled starspawn (Abyss:4)
  A shadow dragon (Vaults:4)
  Kirke (Spider:2)
  The ghost of loom the Severer, a journeyman DsBe of Trog (Spider:1)
  An iron dragon (Depths:3)
  2 deep elf elementalists (Elf:3)
  5 very ugly things
  A draconian caller (Zot:3)
  A deep elf annihilator (Elf:3)
  The ghost of chfi the Bewitcher, a journeyman SpEn of Dithmenos (Lair:7)
  An ettin (Vaults:4)
  Snorg (Lair:8)
  The ghost of sonic the Arsonist, a journeyman DgFE (Spider:1)
  A deep elf death mage (Elf:3)
  A fire dragon (Depths:4)
  A yaktaur captain (Depths:4)
  An entropy weaver (Spider:1)
  2 hydras
  A hydra (shapeshifter) (Vaults:4)
  A centaur warrior (Vaults:1)
  9 death yaks
  A deep troll shaman (Vaults:2)
  A thrashing horror (Abyss:4)
  3 hell knights (Depths:1)
  A sun demon (Lair:8)
  2 spriggans
  A large abomination (Elf:3)
  4 deep trolls
  A swamp dragon (Swamp:3)
  A deep elf archer (Elf:2)
  2 orc knights
  4 orb spiders
  A fire giant zombie (Vaults:1)
  An orc sorcerer (Orc:2)
  13 ugly things
  A moth of wrath (Spider:3)
  A salamander (Depths:4)
  A sixfirhy (Lair:8)
  A black mamba (shapeshifter) (Depths:3)
  An elephant (Lair:8)
  A vault sentinel (Vaults:4)
  2 orange demons (Lair:8)
  A spiny frog (Swamp:3)
  A komodo dragon (Lair:2)
  A hellwing (Lair:8)
  2 yaktaurs
  An ice devil (Lair:8)
  2 red devils (Lair:8)
  2 jumping spiders (Spider:1)
  A two-headed ogre (Orc:2)
  2 blink frogs (Lair:6)
  A boulder beetle (Vaults:1)
  6 redbacks
  4 tarantellas
  2 air elementals (Depths:3)
  A water elemental (Depths:1)
  7 yaks
  A mottled dragon (D:15)
  A vampire mosquito (D:15)
  A swamp worm (Swamp:4)
  A water moccasin (Lair:6)
  A hell hound (Lair:8)
  A porcupine (Lair:2)
  A swamp drake (Swamp:3)
  3 orc warriors
  5 wasps
  A wolf (Lair:6)
  3 centaurs (D:15)
  3 crocodiles
  2 orc priests (Orc:2)
  An orc wizard (Orc:2)
  An iguana (Lair:8)
  5 hell rats (Lair:5)
  8 river rats
  7 orcs
167 creatures vanquished.

Vanquished Creatures (others)
  Nikola (Elf:3)
  2 ghost moths (Zot:4)
  A vampire knight (Depths:2)
  A deep elf high priest (Elf:3)
  A thrashing horror (Abyss:4)
  A swamp dragon (Swamp:2)
  A wolf spider (Spider:4)
  A moth of wrath (Zot:5)
  An ancient zyme (Abyss:4)
  A giant leech (Swamp:2)
  A large abomination (Abyss:5)
  3 humans (Spider:2)
  A golden eye (Abyss:5)
  A chaos spawn (D:3)
  A small abomination (Abyss:4)
  A swamp worm (Swamp:1)
  A swamp drake (Swamp:4)
  A boggart (Depths:3)
  A centaur (D:12)
  3 white imps (IceCv)
  2 ufetubi
  A briar patch (Swamp:2)
  2 bushes (Lair:8)
  26 fungi
  46 plants
  18 starspawn tentacles
  22 starspawn tentacle segments
142 creatures vanquished.

Grand Total: 2832 creatures vanquished

Notes
Turn   | Place    | Note
--------------------------------------------------------------
     0 | D:1      | BabyRage the Naga Arcane Marksman began the quest for the Orb.
     0 | D:1      | Reached XP level 1. HP: 18/18 MP: 2/2
    47 | D:1      | Reached skill level 1 in Stealth
   215 | D:1      | Reached XP level 2. HP: 19/25 MP: 3/3
   778 | D:1      | Reached skill level 1 in Short Blades
   927 | D:2      | Reached XP level 3. HP: 31/31 MP: 4/4
  1299 | D:2      | Found a shimmering altar of Xom.
  1301 | D:2      | Found a radiant altar of Vehumet.
  1673 | D:2      | Reached XP level 4. HP: 38/38 MP: 5/5
  2615 | D:4      | Reached XP level 5. HP: 19/44 MP: 6/6
  3038 | D:4      | Noticed ender666's ghost (novice GrFi)
  3229 | D:4      | Reached skill level 5 in Stealth
  3229 | D:4      | Reached XP level 6. HP: 51/51 MP: 7/7
  3593 | D:4      | Reached XP level 7. HP: 35/57 MP: 4/8
  4010 | D:5      | Entered Level 5 of the Dungeon
  4021 | D:5      | Found a white marble altar of Elyvilon.
  4259 | D:5      | Reached XP level 8. HP: 24/64 MP: 2/9
  4850 | D:5      | Reached skill level 5 in Throwing
  5228 | D:6      | Reached skill level 5 in Short Blades
  5251 | D:6      | Noticed Jessica
  5258 | D:6      | Killed Jessica
  5266 | D:6      | Found a deep blue altar of Sif Muna.
  5370 | D:6      | Noticed Menkaure
  5373 | D:6      | Noticed Blork the orc
  5383 | D:6      | Killed Menkaure
  5385 | D:6      | Killed Blork the orc
  5656 | D:6      | Found a glowing drain.
  5723 | D:6      | Reached skill level 10 in Stealth
  5725 | Sewer    | Entered a sewer
  5878 | Sewer    | Found a glowing silver altar of Zin.
  6076 | D:6      | Noticed Crazy Yiuf
  6080 | D:6      | Killed Crazy Yiuf
  6284 | D:6      | Found a staircase to the Ecumenical Temple.
  6291 | Temple   | Entered the Ecumenical Temple
  6323 | Temple   | Became a worshipper of Trog the Wrathful
  6469 | D:6      | Gained mutation: Your muscles are strong. (Str +2) [potion of beneficial mutation]
  6498 | D:6      | Reached XP level 9. HP: 57/70 MP: 10/10
  6642 | D:7      | Gained mutation: You are partially covered in thin metallic scales (AC +2). [potion of beneficial mutation]
  6643 | D:7      | Gained mutation: You are partially covered in yellow scales (AC +2). [potion of beneficial mutation]
  7683 | D:7      | Reached * piety under Trog
  7798 | D:7      | Reached XP level 10. HP: 27/78 MP: 11/11
  8253 | D:8      | Found a staircase to the Lair.
  8488 | D:8      | Reached ** piety under Trog
  8713 | D:8      | Noticed Grum
  8808 | D:8      | Reached skill level 10 in Short Blades
  8903 | D:8      | Got a distressingly furry ring mail
  9069 | D:8      | Identified the cursed +0 ring mail "Mear" {rN+ Regen+ Dex-3 Slay+4} (You found it on level 8 of the Dungeon)
  9099 | D:9      | Reached skill level 2 in Fighting
  9236 | D:9      | Reached *** piety under Trog
  9236 | D:9      | Reached skill level 15 in Stealth
  9259 | D:9      | Found a sacrificial altar of Ru.
  9273 | D:9      | Noticed Jerry's ghost (journeyman HOGl)
  9316 | D:8      | Killed Grum
  9316 | D:8      | Reached skill level 3 in Fighting
  9487 | Lair:1   | Entered Level 1 of the Lair of Beasts
  9571 | Lair:1   | HP: 4/84 [wolf (3)]
  9718 | Lair:1   | Reached skill level 4 in Fighting
 10022 | Lair:1   | Reached XP level 11. HP: 92/92 MP: 12/12
 10037 | Lair:1   | Found a blossoming altar of Fedhas.
 10268 | Lair:1   | Reached skill level 5 in Fighting
 10273 | Lair:1   | Received a gift from Trog
 10591 | Lair:1   | Noticed a four-headed hydra
 10610 | Lair:1   | Killed a four-headed hydra
 10854 | Lair:1   | Reached skill level 6 in Fighting
 11036 | Lair:1   | Reached skill level 5 in Dodging
 11519 | Lair:1   | Reached skill level 7 in Fighting
 11651 | Lair:1   | Reached **** piety under Trog
 12282 | Lair:1   | Received a gift from Trog
 12651 | Lair:1   | Reached skill level 8 in Fighting
 12708 | Lair:1   | Noticed a seven-headed hydra
 12723 | Lair:1   | Killed a seven-headed hydra
 12723 | Lair:1   | Reached XP level 12. HP: 88/112 MP: 13/13
 13045 | Lair:2   | Reached skill level 1 in Armour
 13137 | Lair:2   | Noticed a four-headed hydra
 13144 | Lair:2   | Killed a four-headed hydra
 13144 | Lair:2   | Reached skill level 9 in Fighting
 13173 | Lair:2   | Noticed Gastronok
 13192 | Lair:2   | Killed Gastronok
 13781 | Lair:2   | Noticed an eight-headed hydra
 13802 | Lair:2   | Killed an eight-headed hydra
 14039 | Lair:2   | Reached skill level 10 in Fighting
 14219 | Lair:2   | Got a steaming wooden ring
 14220 | Lair:2   | Identified the ring of Unosme {rC+ MR+} (You found it on level 2 of the Lair of Beasts)
 14504 | Lair:2   | Reached skill level 5 in Armour
 14602 | Lair:2   | Reached ***** piety under Trog
 14634 | Lair:2   | Noticed Erica
 14650 | Lair:2   | Killed Erica
 14650 | Lair:2   | Received a gift from Trog
 15428 | Lair:3   | Found a hole to the Spider Nest.
 15539 | Lair:3   | Received a gift from Trog
 15556 | Lair:3   | Gained mutation: You can use your snake-like lower body to constrict enemies. [Naga growth]
 15556 | Lair:3   | Reached XP level 13. HP: 123/123 MP: 14/14
 15706 | Lair:3   | Received a gift from Trog
 15955 | Lair:3   | Noticed Fannar
 15983 | Lair:3   | Killed Fannar
 16290 | Lair:3   | Noticed Urug
 16296 | Lair:3   | Killed Urug
 16573 | Lair:4   | Received a gift from Trog
 16915 | Lair:4   | Found a staircase to the Swamp.
 17371 | Lair:5   | Got an ebony scimitar
 17372 | Lair:5   | Identified the +10 scimitar of Makhleb's Regard {pain, MP+9 Int+3} (You found it on level 5 of the Lair of Beasts)
 18919 | Lair:5   | Received a gift from Trog
 19726 | Lair:6   | Reached XP level 14. HP: 132/132 MP: 15/15
 20923 | Lair:6   | Reached skill level 1 in Long Blades
 21066 | Lair:7   | Received a gift from Trog
 21066 | Lair:7   | Reached skill level 10 in Throwing
 21325 | Lair:7   | Noticed chfi's ghost (journeyman SpEn)
 21379 | Lair:7   | Killed chfi's ghost
 22017 | Lair:7   | Received a gift from Trog
 22671 | Lair:8   | Entered Level 8 of the Lair of Beasts
 23325 | Lair:7   | Reached skill level 5 in Long Blades
 23525 | Lair:8   | Reached skill level 10 in Armour
 23844 | Lair:8   | Noticed Maud
 23946 | Lair:7   | Killed Maud
 23995 | Lair:8   | Received a gift from Trog
 24332 | Lair:8   | Noticed a dire elephant
 24684 | Lair:8   | Killed a dire elephant
 24684 | Lair:8   | Reached XP level 15. HP: 78/138 MP: 16/16
 24873 | Lair:8   | Noticed Snorg
 24887 | Lair:8   | Killed Snorg
 25022 | Lair:8   | Received a gift from Trog
 26384 | Lair:8   | Found a burning altar of Makhleb.
 26463 | Lair:8   | Found a gateway to Hell.
 26918 | D:9      | Found a staircase to the Orcish Mines.
 26940 | D:9      | Killed Jerry's ghost
 27075 | D:10     | Entered Level 10 of the Dungeon
 27087 | D:10     | Reached skill level 10 in Long Blades
 27128 | D:10     | Received a gift from Trog
 27170 | D:10     | Noticed Harold
 27185 | D:10     | Killed Harold
 27354 | D:10     | Received a gift from Trog
 27812 | D:11     | Received a gift from Trog
 27931 | D:11     | You fall through a shaft!
 27931 | D:12     | Found Vifa's Gadget Boutique.
 27975 | D:12     | Noticed Gargoyl's ghost (journeyman DsAK)
 28005 | D:12     | Killed Gargoyl's ghost
 29562 | D:11     | Received a gift from Trog
 29829 | Orc:1    | Entered Level 1 of the Orcish Mines
 29855 | Orc:1    | Received a gift from Trog
 29996 | Orc:1    | Found a frozen archway.
 30022 | IceCv    | Entered an ice cave
 30051 | IceCv    | Received a gift from Trog
 30870 | IceCv    | Reached XP level 16. HP: 142/146 MP: 17/17
 31110 | Orc:2    | Entered Level 2 of the Orcish Mines
 31127 | Orc:2    | Noticed ender666's ghost (journeyman GrFi)
 31141 | Orc:2    | Killed ender666's ghost
 31172 | Orc:1    | Found Ekiejar's Jewellery Shop.
 31182 | Orc:1    | Received a gift from Trog
 31246 | Orc:2    | Found a staircase to the Elven Halls.
 31278 | Orc:2    | Noticed Donald
 31290 | Orc:2    | Killed Donald
 31391 | Orc:2    | Found Gucos's Magic Scroll Boutique.
 31411 | Orc:2    | Bought a scroll of teleportation for 45 gold pieces
 31411 | Orc:2    | Bought a scroll of teleportation for 45 gold pieces
 31411 | Orc:2    | Bought a scroll of teleportation for 45 gold pieces
 31596 | Orc:2    | Found a roughly hewn altar of Beogh.
 31995 | Orc:2    | Found Rozoj's Gadget Boutique.
 31995 | Orc:2    | Found Goynogoh's Weapon Shoppe.
 32160 | Orc:2    | Found Pyrhic's Distillery.
 32160 | Orc:2    | Found Ujus's Weapon Boutique.
 32259 | Orc:2    | Received a gift from Trog
 32541 | Orc:2    | Reached skill level 11 in Fighting
 33183 | D:13     | Reached skill level 1 in Evocations
 33389 | D:13     | Found Duaguuto's Armour Shoppe.
 33395 | D:13     | Bought the +2 helmet of Altruism {-Cast rN++ Dex+9} for 746 gold pieces
 33744 | D:14     | Found a basalt altar of Yredelemnul.
 33872 | D:14     | Received a gift from Trog
 33896 | D:14     | Reached skill level 1 in Shields
 33927 | D:14     | Found a gate to the Vaults.
 34054 | D:15     | Entered Level 15 of the Dungeon
 34394 | D:15     | Found a staircase to the Depths.
 34440 | D:15     | Reached skill level 12 in Fighting
 34907 | D:15     | Found a shadowy altar of Dithmenos.
 34985 | D:15     | Found Ownokkou's General Store.
 35001 | D:15     | Reached skill level 5 in Evocations
 35108 | D:15     | Got an ichor-stained chain mail
 35119 | D:15     | Identified the +13 chain mail of Curiosity {rPois rC- Dex+7} (You found it on level 15 of the Dungeon)
 35372 | D:15     | Received a gift from Trog
 35667 | Swamp:1  | Entered Level 1 of the Swamp
 36055 | Swamp:1  | Noticed Aizul
 36056 | Swamp:1  | Reached XP level 17. HP: 156/162 MP: 21/21
 36078 | Swamp:1  | Killed Aizul
 36904 | Swamp:1  | Reached skill level 13 in Fighting
 38488 | Swamp:2  | Reached ****** piety under Trog
 38662 | Swamp:3  | Received a gift from Trog
 38877 | Swamp:3  | Noticed Louise
 38890 | Swamp:3  | Killed Louise
 39027 | Swamp:3  | Received a gift from Trog
 39440 | Swamp:3  | Noticed Mara
 39448 | Swamp:3  | Noticed BabyRage's illusion
 39474 | Swamp:3  | Reached skill level 14 in Fighting
 39625 | Swamp:3  | Killed Mara
 40006 | Swamp:4  | Entered Level 4 of the Swamp
 40903 | Swamp:4  | Received a gift from Trog
 40927 | Swamp:4  | Reached skill level 10 in Evocations
 41012 | Swamp:3  | Reached XP level 18. HP: 98/176 MP: 25/25
 41826 | Swamp:4  | Reached skill level 15 in Fighting
 42038 | Swamp:4  | Received a gift from Trog
 42298 | Swamp:4  | Got a decaying rune of Zot
 42743 | Spider:1 | Entered Level 1 of the Spider Nest
 43220 | Spider:1 | Noticed sonic's ghost (journeyman DgFE)
 43241 | Spider:1 | Killed sonic's ghost
 43553 | Spider:1 | Noticed loom's ghost (journeyman DsBe)
 43562 | Spider:1 | Received a gift from Trog
 43568 | Spider:1 | Killed loom's ghost
 44214 | Spider:1 | Noticed Roxanne
 44517 | Spider:1 | Killed Roxanne
 44863 | Spider:2 | Noticed Agnes
 44888 | Spider:2 | Killed Agnes
 45073 | Spider:2 | Received a gift from Trog
 45143 | Spider:2 | Noticed Kirke
 45170 | Spider:2 | Killed Kirke
 45213 | Spider:2 | Noticed Arachne
 45224 | Spider:2 | Killed Arachne
 45590 | Spider:3 | Received a gift from Trog
 45674 | Spider:3 | Noticed Azrael
 45679 | Spider:3 | Killed Azrael
 45679 | Spider:3 | Reached skill level 10 in Dodging
 45751 | Spider:3 | Noticed Wiglaf
 45765 | Spider:3 | Killed Wiglaf
 46062 | Spider:3 | Reached XP level 19. HP: 141/186 MP: 26/26
 46720 | Spider:3 | Received a gift from Trog
 47001 | Spider:3 | Received a gift from Trog
 47236 | Spider:4 | Entered Level 4 of the Spider Nest
 47387 | Spider:4 | Received a gift from Trog
 47690 | Spider:4 | Received a gift from Trog
 47833 | Spider:4 | Received a gift from Trog
 48121 | Spider:4 | Received a gift from Trog
 48582 | Spider:4 | Got a gossamer rune of Zot
 49126 | Vaults:1 | Entered Level 1 of the Vaults
 49378 | Vaults:1 | Received a gift from Trog
 49470 | Vaults:1 | Reached skill level 16 in Fighting
 49685 | Vaults:1 | Noticed Norris
 49698 | Vaults:1 | Killed Norris
 49698 | Vaults:1 | Reached XP level 20. HP: 198/198 MP: 27/27
 49724 | Vaults:1 | Received a gift from Trog
 49952 | Vaults:1 | Received a gift from Trog
 50374 | Vaults:1 | Reached skill level 17 in Fighting
 50473 | Vaults:2 | Found a staircase to the Crypt.
 50533 | Vaults:2 | Found Gozag's Antique Armour Emporium.
 50534 | Vaults:2 | Found an opulent altar of Gozag.
 50576 | Vaults:2 | Found Gozag's Assorted Antiques.
 50578 | Vaults:2 | Found Gozag's Antique Armour Emporium.
 50620 | Vaults:2 | Bought a jewelled cloak for 950 gold pieces
 50620 | Vaults:2 | Identified the cursed +0 cloak of the Suburbs {rN++ Int-5} (You bought it in a shop on level 2 of the Vaults)
 50880 | Vaults:2 | Bought a slimy long sword for 850 gold pieces
 50880 | Vaults:2 | Bought a bloodstained long sword for 850 gold pieces
 50880 | Vaults:2 | Bought a scroll of identify for 200 gold pieces
 50880 | Vaults:2 | Bought a scroll of teleportation for 300 gold pieces
 50889 | Vaults:2 | Identified the +2 long sword "Qyeq" {holy, rF- rC+ Str+9 Int+2} (You bought it in a shop on level 2 of the Vaults)
 50890 | Vaults:2 | Identified the +5 long sword of Doom {elec, +Inv Str+3 Stlth+} (You bought it in a shop on level 2 of the Vaults)
 51154 | Vaults:2 | Received a gift from Trog
 51254 | Vaults:2 | Reached skill level 18 in Fighting
 52093 | Vaults:2 | Received a gift from Trog
 52272 | Vaults:3 | Noticed Jorgrun
 52283 | Vaults:3 | Killed Jorgrun
 52494 | Vaults:3 | Received a gift from Trog
 52509 | Vaults:3 | Reached skill level 19 in Fighting
 52528 | Vaults:3 | Reached XP level 21. HP: 188/216 MP: 28/28
 53400 | Vaults:4 | Received a gift from Trog
 53619 | Vaults:4 | Reached skill level 20 in Fighting
 54663 | Elf:1    | Entered Level 1 of the Elven Halls
 54663 | Elf:1    | Noticed Eukament's ghost (journeyman HOFi)
 54684 | Elf:1    | Killed Eukament's ghost
 54987 | Elf:1    | Received a gift from Trog
 55323 | Elf:1    | Received a gift from Trog
 55668 | Elf:2    | Found a bloodstained altar of Trog.
 55853 | Elf:2    | Found a huge runed gate.
 55853 | Elf:2    | Found a huge runed gate.
 55853 | Elf:2    | Found a huge runed gate.
 55853 | Elf:2    | Found a huge runed gate.
 55853 | Elf:2    | Found a huge runed gate.
 56023 | Elf:2    | Received a gift from Trog
 56041 | Elf:2    | Reached XP level 22. HP: 228/228 MP: 32/32
 56769 | Elf:3    | Entered Level 3 of the Elven Halls
 57049 | Elf:3    | Noticed Nikola
 57070 | Elf:3    | Killed Nikola
 57271 | Elf:3    | Reached skill level 15 in Evocations
 57297 | Elf:3    | Received a gift from Trog
 57336 | Elf:3    | Got a jewelled quick blade {god gift}
 57337 | Elf:3    | Identified the +11 quick blade "Impslayer" {pierce, Int+2} (Trog gifted it to you on level 3 of the Elven Halls)
 58070 | Elf:3    | Received a gift from Trog
 58189 | Elf:3    | Got a twitching ivory ring
 58218 | Elf:3    | Got a twitching brass amulet
 58277 | Elf:3    | Identified the ring "Sucaywa" {rElec Dex+4} (You took it off a deep elf sorcerer on level 3 of the Elven Halls)
 58278 | Elf:3    | Identified the amulet of Effatiant {Spirit MR++ MP-9} (You took it off a deep elf death mage on level 3 of the Elven Halls)
 58297 | Elf:3    | Got a vibrating golden ring
 58329 | Elf:3    | Got an encrusted quicksilver dragon armour
 58340 | Elf:3    | Identified the quicksilver dragon armour "Houras" {rC++ rN+ MR+ rCorr Dex-4} (You found it on level 3 of the Elven Halls)
 58352 | Elf:3    | Identified the ring of Zin's Reproof {rN+ Dex+7} (You found it on level 3 of the Elven Halls)
 58972 | Depths:1 | Entered Level 1 of the Depths
 59263 | Depths:1 | Reached skill level 5 in Shields
 59536 | Depths:1 | Received a gift from Trog
 59880 | Depths:2 | Reached XP level 23. HP: 235/235 MP: 34/34
 60648 | Depths:2 | Received a gift from Trog
 60866 | Depths:3 | Received a gift from Trog
 61104 | Depths:3 | Received a gift from Trog
 61301 | Depths:3 | Reached skill level 10 in Shields
 61643 | Depths:3 | Noticed a juggernaut
 61657 | Depths:3 | Killed a juggernaut
 61672 | Depths:3 | Noticed a caustic shrike
 61676 | Depths:3 | Killed a caustic shrike
 61688 | Depths:3 | Received a gift from Trog
 62121 | Depths:3 | Received a gift from Trog
 62167 | Depths:3 | Noticed a golden dragon
 62191 | Depths:3 | Killed a golden dragon
 62278 | Depths:3 | Found Evoschar's Assorted Antiques.
 62281 | Depths:3 | Bought a potion of curing for 60 gold pieces
 62343 | Depths:3 | Found a one-way gate leading to the halls of Pandemonium.
 62586 | Depths:4 | Reached XP level 24. HP: 244/244 MP: 34/34
 62678 | Depths:4 | Received a gift from Trog
 62700 | Depths:4 | Found a corrupted altar of Lugonu.
 62700 | Depths:4 | Found a one-way gate to the infinite horrors of the Abyss.
 62762 | Depths:4 | Received a gift from Trog
 62797 | Depths:4 | Noticed Mennas
 62840 | Depths:4 | Killed Mennas
 63266 | Depths:4 | Found a runed door.
 63266 | Depths:4 | Noticed a caustic shrike
 63275 | Depths:4 | Killed a caustic shrike
 63293 | Depths:4 | Got a pitted chain mail
 63304 | Depths:4 | Identified the +4 chain mail "Awkiag" {rF- rN+ MP+9} (You found it on level 4 of the Depths)
 63579 | Depths:5 | Entered Level 5 of the Depths
 63590 | Depths:5 | Received a gift from Trog
 63801 | Depths:5 | Found a gateway to a ziggurat.
 63980 | Depths:5 | Reached skill level 15 in Shields
 64167 | Depths:5 | Found a gate to the Realm of Zot.
 64887 | Orc:2    | Bought a scroll of identify for 30 gold pieces
 64887 | Orc:2    | Bought a scroll of identify for 30 gold pieces
 65181 | Depths:4 | Voluntarily entered the Abyss.
 65408 | Abyss:2  | Paralysed by accursed screaming for 1 turns
 65413 | Abyss:2  | Paralysed by accursed screaming for 1 turns
 65711 | Abyss:3  | Reached XP level 25. HP: 252/252 MP: 27/34
 65915 | Abyss:3  | Found a corrupted altar of Lugonu.
 65943 | Abyss:3  | Reached skill level 15 in Long Blades
 66035 | Abyss:3  | Received a gift from Trog
 67595 | Abyss:4  | Gained mutation: You tend to lose your temper in combat. [a neqoxec]
 67659 | Abyss:4  | Found a corrupted altar of Lugonu.
 67746 | Abyss:4  | Found a corrupted altar of Lugonu.
 68298 | Abyss:5  | Entered Level 5 of the Abyss
 68298 | Abyss:5  | Found a corrupted altar of Lugonu.
 68326 | Abyss:5  | Received a gift from Trog
 68421 | Abyss:5  | Gained mutation: You are frail (-10% HP). [a neqoxec]
 68510 | Abyss:5  | Found a roughly hewn altar of Beogh.
 68518 | Abyss:5  | Received a gift from Trog
 68567 | Abyss:5  | Got an abyssal rune of Zot
 68572 | Abyss:5  | Noticed an ancient lich
 68573 | Depths:4 | Escaped the Abyss
 68589 | Depths:4 | Lost mutation: Your muscles are strong. (Str +2) [potion of cure mutation]
 68589 | Depths:4 | Lost mutation: You are frail (-10% HP). [potion of cure mutation]
 68589 | Depths:4 | Lost mutation: You are partially covered in yellow scales (AC +2). [potion of cure mutation]
 68590 | Depths:4 | Lost mutation: You tend to lose your temper in combat. [potion of cure mutation]
 68590 | Depths:4 | Lost mutation: You are partially covered in thin metallic scales (AC +2). [potion of cure mutation]
 68924 | Orc:2    | Bought a potion of agility for 56 gold pieces
 68924 | Orc:2    | Bought a potion of agility for 56 gold pieces
 68924 | Orc:2    | Bought a potion of might for 56 gold pieces
 68924 | Orc:2    | Bought a potion of resistance for 140 gold pieces
 68924 | Orc:2    | Bought a potion of cure mutation for 350 gold pieces
 68924 | Orc:2    | Bought a potion of cure mutation for 350 gold pieces
 68924 | Orc:2    | Bought a potion of heal wounds for 70 gold pieces
 69277 | Zot:1    | Entered Level 1 of the Realm of Zot
 69639 | Zot:2    | Reached XP level 26. HP: 261/261 MP: 11/34
 69719 | Zot:3    | Reached skill level 15 in Armour
 69805 | Zot:3    | Reached skill level 15 in Dodging
 70017 | Zot:4    | Received a gift from Trog
 70064 | Zot:5    | Entered Level 5 of the Realm of Zot
 70820 | Zot:5    | Noticed an ancient lich
 70832 | Zot:5    | Killed an ancient lich
 71125 | Zot:5    | Noticed an orb of fire
 71162 | Zot:5    | Killed an orb of fire
 71250 | Zot:5    | Noticed an orb of fire
 71459 | Zot:5    | Noticed an orb of fire
 71494 | Zot:5    | Killed an orb of fire
 71677 | Zot:5    | Reached XP level 27. HP: 262/268 MP: 11/34
 71958 | Zot:5    | Noticed an orb of fire
 71979 | Zot:5    | Killed an orb of fire
 72182 | Zot:5    | Got the Orb of Zot
 72373 | Zot:1    | Gained mutation: You tend to lose your temper in combat. [mutagenic glow]
 72697 | D:7      | Gained mutation: You are dopey. (Int -2) [mutagenic glow]
 72922 | D:$      | Escaped with the Orb!

Skill      XL: |  1  2  3  4  5  6  7  8  9 10 11 12 13 14 15 16 17 18 19 20 21 22 23 24 25 26 27 |
---------------+----------------------------------------------------------------------------------+-----
Stealth        | 1 2 4 5 6 7 10 13 15 | 15.2
Throwing       | 2 3 4 5 6 9 10 | 10.2
Short Blades   | 1 2 3 4 6 9 10 | 10.0
Fighting       | 4 8 10 12 14 15 16 19 20 | 20.0
Dodging        | 3 6 10 12 13 14 16 17 | 17.1
Armour         | 5 8 10 11 12 13 14 16 17 | 17.1
Long Blades    | 7 12 13 14 15 | 15.2
Evocations     | 5 10 13 15 | 15.3
Shields        | 3 6 12 15 | 15.1
Spellcasting   | |  1.0
Hexes          | |  3.0

Action                   |  1- 3 |  4- 6 |  7- 9 | 10-12 | 13-15 | 16-18 | 19-21 | 22-24 | 25-27 || total
-------------------------+-------+-------+-------+-------+-------+-------+-------+-------+-------++-------
Melee: Short sword       |    60 |   126 |    79 |     1 |       |       |       |       |       ||   266
       Unarmed           |     2 |       |       |       |       |       |       |       |       ||     2
       Dagger            |       |       |   423 |  1010 |   747 |       |       |       |       ||  2180
       Constrict         |       |       |       |       |   289 |   283 |   374 |   322 |   209 ||  1477
       Scimitar          |       |       |       |       |  1003 |  1875 |   472 |       |       ||  3350
       Quick blade       |       |       |       |       |    20 |     3 |       |       |       ||    23
       Demon blade       |       |       |       |       |       |       |  1687 |  2080 |  1221 ||  4988
       Double sword      |       |       |       |       |       |       |       |       |   899 ||   899
 Fire: Blowgun           |       |       |       |    30 |    54 |       |       |       |       ||    84
Throw: Javelin           |     5 |    13 |    37 |    24 |    32 |    78 |    14 |       |       ||   203
       Throwing net      |     2 |       |     4 |       |       |     1 |       |       |       ||     7
       Tomahawk          |       |       |       |     4 |       |       |       |       |       ||     4
Invok: Burn Spellbooks   |       |       |     1 |       |     2 |     2 |     5 |     2 |     1 ||    13
       Berserk           |       |       |       |    22 |    20 |    13 |     2 |       |       ||    57
       Trog's Hand       |       |       |       |     3 |       |     1 |     1 |     2 |    10 ||    17
       Brothers in Arms  |       |       |       |     3 |    10 |    13 |     6 |    11 |     9 ||    52
 Abil: Spit Poison       |    20 |    26 |    31 |    28 |     1 |     2 |    18 |     2 |       ||   128
Evoke: Wand              |       |       |    15 |     3 |       |     3 |     1 |     2 |    30 ||    54
       Lamp of fire      |       |       |       |     1 |     1 |     2 |     5 |     3 |     3 ||    15
       Phial of floods   |       |       |       |       |       |     2 |     4 |     3 |       ||     9
  Use: Scroll            |     3 |     3 |    17 |    11 |    15 |    16 |    20 |    11 |    21 ||   117
       Potion            |       |     2 |     5 |     3 |     1 |     2 |     3 |     2 |     6 ||    24
 Stab: Sleeping          |     8 |     6 |    14 |    39 |    51 |    44 |    24 |    21 |     5 ||   212
       Held in net/web   |       |       |     3 |       |       |       |     2 |       |       ||     5
       Distracted        |       |       |       |     6 |     7 |    16 |     5 |    12 |    28 ||    74
       Confused          |       |       |       |     2 |     3 |     5 |       |       |       ||    10
  Eat: Chunk             |     3 |     4 |    11 |    23 |    29 |    31 |    23 |    21 |     1 ||   146
       Bread ration      |       |     1 |       |     5 |     5 |       |       |       |       ||    11
       Beef jerky        |       |       |       |       |     5 |     2 |     1 |       |       ||     8
       Royal jelly       |       |       |       |       |     2 |       |       |     2 |       ||     4
       Meat ration       |       |       |       |       |     1 |     1 |     2 |     1 |     6 ||    11
       Fruit             |       |       |       |       |       |    17 |       |     4 |       ||    21
       Pizza             |       |       |       |       |       |       |     3 |       |       ||     3
Armor: Robe              |    27 |    63 |   310 |   313 |       |       |       |       |       ||   713
       Ring mail         |       |       |       |   143 |  1353 |   270 |       |       |       ||  1766
       Chain mail        |       |       |       |       |       |  1408 |  1145 |   786 |   575 ||  3914
Dodge: Dodged            |    47 |    84 |   170 |   307 |   973 |   897 |  1050 |   623 |   727 ||  4878
Block: Buckler           |       |       |       |       |       |   522 |   560 |   101 |       ||  1183
       Large shield      |       |       |       |       |       |       |       |  1399 |  1918 ||  3317
